AoeStats
← pichevskij

Arabia

510055506Analyzed
1v1 RM · 2d ago on Sep 29, 2026· 17m 55s· 2 players
Game mode
Random Map
Map size
Tiny (2 player)
Population
200
Speed
Normal
Resources
Standard
Victory
Conquest
Starting age
Dark Age
Ending age
Imperial Age
RankedLock teamsTeams togetherTeam positionsShared explorationLock speedFull tech treeHidden civsTurbo modeCheats
Victory
Defeat
🇪🇸 Sicilians · Spain
861
+17
🇸🇰 Lithuanians · Slovakia
883
-17
pichevskij
12:05 Feudal Age
10:20 Loom
13:45 Double-Bit Axe
Dobby´s Funsock
6:32 Loom
9:33 Feudal Age
10:37 Double-Bit Axe
11:22 Horse Collar
14:49 Bloodlines
17:55 Forging
Connection lost

Rejoining the realm…

Still unreachable

The connection could not be restored.

Session expired

The server has moved on; the page needs a fresh start.